AoeStats
← Darkin

Glade

510851019Analyzed
1v1 RM · 13h ago on Oct 2, 2026· 18m 20s· 2 players
Game mode
Random Map
Map size
Tiny (2 player)
Population
200
Speed
Normal
Resources
Standard
Victory
Conquest
Starting age
Dark Age
Ending age
Imperial Age
RankedLock teamsTeams togetherTeam positionsShared explorationLock speedFull tech treeHidden civsTurbo modeCheats
Victory
Defeat
🇦🇷 Romans · Argentina
467
+16
🇨🇿 Byzantines · Czechia
466
-16
Darkin
1:56 Loom
2:33 Loom
10:13 Feudal Age
11:39 Wheelbarrow
11:24 Double-Bit Axe
11:48 Horse Collar
16:00 Man-at-Arms
R.Zoro87
2:40 Loom
10:49 Feudal Age
12:12 Double-Bit Axe
12:11 Man-at-Arms
16:12 Fletching
16:45 Padded Archer Armor
Connection lost

Rejoining the realm…

Still unreachable

The connection could not be restored.

Session expired

The server has moved on; the page needs a fresh start.